 Dungeon Crawl Stone Soup version 0.26.1-11-gd32895ea62 (webtiles) character file.

Game seed: 4958217930114549309

68 vvl the Skirmisher (level 4, -1/38 HPs)
             Began as a Ghoul Fighter on June 4, 2021.
             Slain by an adder (2 damage)
             ... on level 1 of the Dungeon.
             The game lasted 00:02:50 (1104 turns).

vvl the Skirmisher (Ghoul Fighter)                  Turns: 1104, Time: 00:02:50

Health: -1/38      AC:  6    Str: 19    XL:     4   Next: 19%
Magic:  3/3        EV:  7    Int:  4    God:
Gold:   43         SH:  8    Dex:  8    Spells: 3/3 levels left

rFire    . . .     SeeInvis .   a - +0 long sword
rCold    + . .     Faith    .   c - +0 kite shield
rNeg     + + +     Spirit   .   b - +0 scale mail
rPois    ∞         Reflect  .   (no helmet)
rElec    .         Harm     .   (no cloak)
rCorr    .         Rampage  .   (no gloves)
Will     .....                  (no boots)
Stlth    ..........             (no amulet)
HPRegen  0.00/turn              (no ring)
MPRegen  0.08/turn              (no ring)

@: no status effects
A: claws 1, cold resistance 1, negative energy resistance 3, inhibited
regeneration, torment resistance, unbreathing
a: no special abilities


You were on level 1 of the Dungeon.
You visited 1 branch of the dungeon, and saw 2 of its levels.

You collected 43 gold pieces.

Inventory:

Hand Weapons
 a - a +0 long sword (weapon)
Armour
 b - a +0 scale mail (worn)
 c - a +0 kite shield (worn)
Scrolls
 e - 3 scrolls of fear {unknown}
 f - a scroll of teleportation {unknown}
 h - 2 scrolls of remove curse {unknown}
 l - a scroll of blinking {unknown}
 m - a scroll of identify {unknown}
Potions
 d - a potion of might
 g - a potion of berserk rage {unknown}
 i - a potion of magic {unknown}
 j - a potion of curing {unknown}
 k - a potion of lignification {unknown}


   Skills:
 + Level 3.5 Fighting
 * Level 2.7 Long Blades
 + Level 3.0 Armour
 + Level 1.0 Dodging
 + Level 2.9 Shields
 + Level 1.2 Invocations


You had 3 spell levels left.
You didn't know any spells.
Your spell library was empty.

Dungeon Overview and Level Annotations

Branches:
Dungeon (2/15)

Altars:
Yredelemnul


Innate Abilities, Weirdness & Mutations

You thrive by killing the living.
You are immune to poison.
You have sharp fingernails.
Your flesh is cold resistant. (rC+)
You are immune to negative energy. (rN+++)
You do not regenerate when monsters are visible.
You are immune to unholy pain and torment.
You can survive without breathing.


Message History

You are too injured to fight recklessly!
You barely miss the gnoll.
The gnoll is moderately wounded.
You block the gnoll's attack. The gnoll hits you but does no damage.
The gnoll hits you.
* * * LOW HITPOINT WARNING * * *
The gnoll hits you from afar with a +0 halberd!
* * * LOW HITPOINT WARNING * * *
The gnoll completely misses you.
The adder hisses angrily.
You block the adder's attack. You block the adder's attack.
There is an escape hatch in the ceiling here.
The adder barely misses you. A mysterious force pulls you upwards.
The hatch slams shut behind you.
Your shield prevents you from hitting the adder.
The adder bites you.
* * * LOW HITPOINT WARNING * * *
The adder bites you.
You die...

#.# #..###.## #.#
#.....#.##
#######.####.##.###)##
#..............## ##.#
#.###.#.####.##.###.##
#.# #.#.# #.###.#..#
#.###.#.# #.# ##.#.#
#..†..#.####.####.#.#
#.#####.........@...#
..# ###.....##.S..#
..# #.######....# ..#
#.# #....# ..#
#.######....# ..#
#.##........# ..#
#.##.###.#..## ..#
#.##.# #.#.#.#
..#######.##.# #.#...#


You could see an adder.

Vanquished Creatures
  3 adders (D:2)
  2 dart slugs (D:1)
  A leopard gecko (D:1)
  5 giant cockroaches
  3 goblins (D:1)
  3 hobgoblins
  3 jackals (D:1)
  4 kobolds (D:1)
  A ball python (D:1)
  6 bats
  2 frilled lizards
  A leopard gecko zombie (D:2)
  3 rats (D:2)
37 creatures vanquished.

Notes
Turn   | Place    | Note
-------+----------+-------------------------------------------
     0 | D:1      | vvl the Ghoul Fighter began the quest for the Orb.
     0 | D:1      | Reached XP level 1. HP: 19/19 MP: 0/0
    63 | D:1      | Reached XP level 2. HP: 26/26 MP: 1/1
   494 | D:1      | Reached XP level 3. HP: 18/31 MP: 2/2
   937 | D:2      | Found a basalt altar of Yredelemnul.
   942 | D:2      | Reached skill level 1 in Invocations
   995 | D:2      | Reached skill level 1 in Dodging
   995 | D:2      | Reached XP level 4. HP: 32/38 MP: 3/3
  1104 | D:1      | HP: 1/38 [adder (1)]
  1104 | D:1      | Slain by an adder

Illustrated notes

Levels and vault maps discovered:
D:1:      minmay_arrival_three_doors, layout_loops_ring
D:2:      layout_loops_ring, nicolae_overflow_crystal_walls, uniq_terence

Skill      XL: |  1  2  3 |
---------------+----------+-----
Long Blades    | 2 |  2.7
Invocations    | 1 |  1.2
Armour         | 3 |  3.0
Dodging        | 1 |  1.0
Fighting       | |  3.5
Shields        | |  2.9

Action                   |  1- 3 |  4- 6 || total
-------------------------+-------+-------++-------
Melee: Long sword        |   120 |    28 ||   148
Armor: Scale mail        |   100 |    14 ||   114
Dodge: Dodged            |    52 |    10 ||    62
Block: Kite shield       |    74 |    24 ||    98
       Rpst.: Long sword |    15 |     1 ||    16
